Unix NetHack Version 5.0.0-0 post-release - last build May 31 2026 23:59:36 (970b52f25bf058293b47ddfd14a1e40e571c508c,branch:main).

Game began 2026-06-09 09:00:45, ended 2026-06-09 09:25:04.

LDaviesPeters, neutral female human Archeologist

                                                                      ---
                                                                      |..---
                                                                      |....--
                                                                      --....|
                                                                     ----...--
                                                                      .|.....--
                                                                ------.|-.....|
                                                               --..|.|.|---.^--
                                                               |.......|---..--
                                                               |-......||.....|
                                                               |..`....--....--
                                                               |......:<...`.|
                                                       |   #  --)..^.........|
                                                       |.  -#--).............|
                                                       |.....G@.f....--.....--
                                                       --- -----.....||.....|
                                                               |....---------
                                                               --....-
                                                                ---...|
                                                                  --..|
                                                                    ---
LDaviesPeters the Field Worker  St:11 Dx:8 Co:11 In:18 Wi:18 Ch:12  Neutral
Dlvl:4  $:0  HP:0(37) Pw:29(29) AC:6  Xp:4 T:2211 

Latest messages:
 The kitten misses the hobbit.
 The hobbit picks up a hooded cloak.
 The kitten bites the hobbit.
 The hobbit swings his sling.
 The hobbit hits!
 The gnome lord wields 3 daggers!
 The kitten bites the hobbit.
 The hobbit is killed!
 There are many objects here.
 You lash the gnome lord.
 The gnome lord thrusts one of his daggers.
 The gnome lord hits!
 You lash the gnome lord.
 The gnome lord thrusts one of his daggers.
 The gnome lord hits!
 You miss the gnome lord.
 The gnome lord thrusts one of his daggers.
 The gnome lord hits!
 You lash the gnome lord.
 The gnome lord thrusts one of his daggers.
 The gnome lord hits!
 You kill the gnome lord!
 F - a fortune cookie.
 There is a hobbit corpse here; eat it? [ynq] (n) y
 This hobbit corpse is fatty.
 The gnome throws a dagger!
 A dagger misses you.
 You stop eating the hobbit corpse.
 The gnome picks up 3 daggers.
 You kill the gnome!
 There is a partly eaten hobbit corpse here; eat it? [ynq] (n) y
 You resume your meal.
 The gnome throws a dagger!
 You are hit by a dagger.
 You stop eating the hobbit corpse.
 There is a partly eaten hobbit corpse here; eat it? [ynq] (n) y
 You resume your meal.
 The kitten picks up a dart.
 The gnome wields a dagger!
 The dagger welds itself to the gnome's hand!
 The gnome picks up 3 daggers.
 You stop eating the hobbit corpse.
 The gnome thrusts his dagger.
 The gnome hits!
 You miss the gnome.
 You lash the gnome.
 The gnome thrusts his dagger.
 The gnome hits!
 You die...
 Do you want your possessions identified? [ynq] (y) q

Inventory:
 Weapons  (')')
  a - a +2 bullwhip (weapon in left hand)
 Armor    ('[')
  k - an uncursed +0 orcish helm (being worn)
  B - an uncursed +0 pair of iron shoes (being worn)
  h - an uncursed +0 leather jacket (being worn)
 Comestibles  ('%')
  o - an uncursed cram ration
  d - 3 uncursed food rations
  F - an uncursed fortune cookie
 Wands    ('/')
  x - a wand of death (0:4)
 Tools    ('(')
  b - an uncursed sack containing 10 items
  f - a tinning kit (0:43)
 Gems/Stones  ('*')
  y - an uncursed agate stone
  i - 2 uncursed obsidian stones
  g - an uncursed touchstone

Contents of the sack:
  83 gold pieces
  an uncursed scroll of light
  an uncursed scroll of magic mapping
  an uncursed scroll of remove curse
  an uncursed spellbook of extra healing
  an uncursed potion of oil
  an uncursed potion of healing
  an uncursed potion of sickness
  an uncursed potion of speed
  a +0 pick-axe

LDaviesPeters the Archeologist's attributes:

Background:
 You were a Field Worker, a level 4 female human Archeologist.
 You were neutral, on a mission for Camaxtli
 who was opposed by Quetzalcoatl (lawful) and Huhetotl (chaotic).
 You were left-handed.
 You were in the Gnomish Mines, on level 4.
 You entered the dungeon 2211 turns ago.
 You had 131 experience points, 29 more were needed to attain level 5.

Basics:
 You had 0 out of 37 hit points.
 You had all 29 energy points (spell power).
 Your armor class was 6.
 Your wallet was empty, but
 you had 83 zorkmids stashed away in your pack.
 Autopickup was off.

Final Characteristics:
 Your strength was 11 (limit:18/100).
 Your dexterity was 8 (limit:18).
 Your constitution was 11 (limit:18).
 Your intelligence was 18 (limit:18).
 Your wisdom was 18 (limit:18).
 Your charisma was 12 (limit:18).

Final Status:
 You weren't hungry.
 You were unencumbered.
 You were wielding a whip.
 You had basic skill with whip.

Final Attributes:
 You were piously aligned.
 You had automatic searching.
 You are dead.

Miscellaneous:
 You didn't encounter any bones levels.
 Total elapsed playing time was 24 minutes and 18 seconds.

Major events:
 Turn
    1: LDaviesPeters the neutral female human Archeologist entered the dungeon
 1640: entered the Gnomish Mines
 1706: attained the rank of Field Worker (level 3)
 2211: killed by a gnome

Spells:
 Name                 Level Category     Fail Retention
 extra healing          3   healing      100%  76%-100%

Skills:
 Fighting Skills
   bare handed combat [Unskilled]
   two weapon combat  [Unskilled]
   riding             [Unskilled]
 Weapon Skills
   dagger             [Unskilled]
   knife              [Unskilled]
   pick-axe           [Basic]
   short sword        [Unskilled]
   saber              [Unskilled]
   club               [Unskilled]
   quarterstaff       [Unskilled]
   sling              [Unskilled]
   dart               [Unskilled]
   boomerang          [Unskilled]
   whip               [Basic]
   unicorn horn       [Unskilled]
 Spellcasting Skills
   attack spells      [Unskilled]
   healing spells     [Unskilled]
   divination spells  [Unskilled]
   matter spells      [Unskilled]

Voluntary challenges:
 Character rerolling was not enabled.
 You never genocided any monsters.
 You never polymorphed an object.
 You never changed form.
 You used no wishes.
Achievements:
 You entered a shop.
 You entered the Gnomish Mines.
 You attained the rank of Field Worker.

 The Dungeons of Doom: levels 1 to 5
    Level 1:
       Some fountains.
    Level 2:
       A fountain.
    Level 3:
       A general store, an altar to Camaxtli.
       Stairs down to The Gnomish Mines.
    Level 4:
       A vegetarian food shop.
    Level 5:
 The Gnomish Mines:
    Level 4: <- You were here.
       Final resting place for
          you, killed by a gnome.


Vanquished creatures:
  2 gnome leaders
  2 dwarves
  a dwarf zombie
  a werejackal
  a hobbit
  6 gnomes
  2 garter snakes
  a gecko
  3 jackals
  2 goblins
  2 sewer rats
  4 grid bugs
  2 lichens
  2 kobold zombies
  5 newts
36 creatures vanquished.

No species were genocided or became extinct.

Game over:
                       ----------
                      /          \
                     /    REST    \
                    /      IN      \
                   /     PEACE      \
                  /                  \
                  |  LDaviesPeters   |
                  |      83 Au       |
                  |   killed by a    |
                  |      gnome       |
                  |                  |
                  |                  |
                  |       2026       |
                 *|     *  *  *      | *
        _________)/\\_//(\/(/\)/\//\/|_)_______

Goodbye LDaviesPeters the Archeologist...

You died in The Gnomish Mines on dungeon level 4 with 799 points,
and 83 pieces of gold, after 2211 moves.
You were level 4 with a maximum of 37 hit points when you died.

